 Dungeon Crawl Stone Soup version 0.19-a0-1224-g978f909 (webtiles) character file.

100 Gordan the Grave Robber (level 4, 0/37 HPs)
             Began as a Deep Dwarf Necromancer on Aug 24, 2016.
             Slain by an orc
             ... wielding a +0 war axe
              (6 damage)
             ... on level 3 of the Dungeon.
             The game lasted 00:11:15 (1826 turns).

Gordan the Grave Robber (Deep Dwarf Necromancer)    Turns: 1826, Time: 00:11:16

Health: 0/37       AC:  3    Str: 11    XL:     4   Next: 47%
Magic:  0/8        EV: 13    Int: 22    God:
Gold:   96         SH:  0    Dex: 13    Spells: 2 memorised, 6 levels left

rFire  . . .     SeeInvis .     f - +0 whip
rCold  . . .     Gourm    .     a - +0 robe
rNeg   . . .     Faith    .     (no shield)
rPois  .         Spirit   .     i - +0 helmet
rElec  .         Dismiss  .     (no cloak)
rCorr  .         Reflect  .     (no gloves)
MR     .....     Harm     .     (no boots)
Stlth  ++........               (no amulet)
                                (no ring)
                                n - +5 ring of intelligence

@: non-regenerating
A: damage resistance, recharge devices, sense surroundings 1, slow regeneration
3
a: Device Recharging


You were on level 3 of the Dungeon.
You were not hungry.

You visited 1 branch of the dungeon, and saw 3 of its levels.

You collected 96 gold pieces.

Inventory:

Hand Weapons
 f - a +0 whip (weapon)
Armour
 a - a +0 robe (worn)
 i - a +0 helmet (worn)
Jewellery
 n - a +5 ring of intelligence (left hand)
Wands
 c - a wand of heal wounds (4/9)
Scrolls
 e - a scroll of amnesia {unknown}
 j - 4 scrolls of teleportation {unknown}
 k - 7 scrolls of identify {unknown}
Potions
 h - 2 potions of heal wounds {unknown}
 l - 3 potions of curing {unknown}
 m - 2 potions of mutation {unknown}
Books
 b - a book of Necromancy

   Spells                             Type                      Level
   a - Pain                           Necromancy                   1
   b - Animate Skeleton               Necromancy                   1
   c - Vampiric Draining              Necromancy                   3
   d - Regeneration                   Charms/Necromancy            3
   e - Animate Dead                   Necromancy                   4
   f - Control Undead                 Necromancy                   4
Comestibles
 d - 4 bread rations
 g - 2 chunks of flesh


   Skills:
 + Level 0.3 Fighting
 + Level 0.4 Maces & Flails
 + Level 2.6 Dodging
 + Level 2.6 Stealth
 + Level 2.7 Spellcasting
 + Level 5.4 Necromancy


You had 6 spell levels left.
You knew the following spells:

 Your Spells              Type           Power        Failure   Level  Hunger
a - Pain                  Necr           ####         1%          1    None
b - Animate Skeleton      Necr           N/A          1%          1    None


Dungeon Overview and Level Annotations

Branches:
Dungeon (3/15)

Altars:


Innate Abilities, Weirdness & Mutations

You are resistant to damage.
You can recharge devices by infusing magical energy.
You passively map a small area around you.
You do not regenerate.


Message History

Aiming: Pain
Press: ? - help, Shift-Dir - straight line, f - orc
Aim: an orc, wielding a war axe (chance to defeat MR: 96%)
The orc writhes in agony!
The orc hits you with a war axe.
You closely miss the orc.
The orc is lightly wounded.
The orc closely misses you.
You hit the orc.
The orc is almost dead.
The orc hits you with a war axe!
* * * LOW HITPOINT WARNING * * *
You closely miss the orc.
The orc is almost dead.
You completely miss the orc.
The orc is almost dead.
The orc hits you with a war axe.
You closely miss the orc.
The orc is almost dead.
The orc hits you with a war axe!
You die...

, * ,.# *..##* ###
#...,#
######.#####..##.#
#@oo..............
####..)...........
###...........#
#...[.......#
#......)....#
#(#.........#
#............
>#...........$..
###.#.....$....


You could see 2 orcs.

Vanquished Creatures
  Jessica (D:3)
  4 adders (D:2)
  A dart slug (D:2)
  A giant gecko (D:2)
  3 orcs (D:3)
  6 goblins
  3 hobgoblins
  5 bats
  5 giant newts
  2 kobolds (D:1)
  7 rats
38 creatures vanquished.

Vanquished Creatures (collateral kills)
  A goblin (D:2)
  A rat (D:1)
2 creatures vanquished.

Grand Total: 40 creatures vanquished

Notes
Turn   | Place    | Note
-------+----------+-------------------------------------------
     0 | D:1      | Gordan the Deep Dwarf Necromancer began the quest for the Orb.
     0 | D:1      | Reached XP level 1. HP: 15/15 MP: 3/3
    79 | D:1      | Learned a level 1 spell: Animate Skeleton
   537 | D:1      | Reached XP level 2. HP: 22/22 MP: 2/4
  1248 | D:2      | Reached XP level 3. HP: 19/28 MP: 1/6
  1480 | D:2      | Reached skill level 5 in Necromancy
  1656 | D:2      | Reached XP level 4. HP: 19/36 MP: 4/7
  1800 | D:3      | Noticed Jessica
  1807 | D:3      | Killed Jessica
  1826 | D:3      | Slain by an orc

Vault maps used:
D:1:      evilmike_arrival_crescent, minmay_crystal_water, dk_noncrumbling_2
D:3:      first_bread, minivault_5, minmay_quantized, uniq_jessica

Skill      XL: |  1  2  3 |
---------------+----------+-----
Spellcasting   | 2 |  2.7
Necromancy     | 5 |  5.4
Fighting       | |  0.3
Maces & Flails | |  0.4
Dodging        | |  2.6
Stealth        | |  2.6

Action                   |  1- 3 |  4- 6 || total
-------------------------+-------+-------++-------
Melee: Unarmed           |    15 |       ||    15
       Whip              |    37 |     8 ||    45
 Cast: Pain              |    35 |    11 ||    46
       Animate Skeleton  |     8 |       ||     8
Evoke: Wand              |     1 |       ||     1
 Stab: Sleeping          |     2 |       ||     2
  Eat: Chunk             |     3 |       ||     3
Armor: Robe              |    20 |     1 ||    21
Dodge: Dodged            |    46 |     3 ||    49
